 Dungeon Crawl Stone Soup version 0.30-a0-170-g85af917532 (webtiles) character file.

Game seed: 9173033220930732143

11676 Ofeo the Fighter (level 11, -5/87 HPs)
             Began as a Demonspawn Reaver on Oct 1, 2022.
             Was an Initiate of Ashenzari.
             Slain by a blink frog (6 damage)
             ... on level 1 of the Lair of Beasts.
             The game lasted 00:48:48 (15292 turns).

Ofeo the Fighter (Demonspawn Reaver)               Turns: 15292, Time: 00:48:49

Health: -5/87      AC:  6    Str: 14    XL:     11   Next: 52%
Magic:  22/22      EV: 13    Int: 18    God:    Ashenzari [......]
Gold:   65         SH:  0    Dex:  7    Spells: 4/25 levels left

rFire   + + .      SeeInvis .    b - +5 dire flail (vorpal)
rCold   + . .      Faith    .    (shield currently unavailable)
rNeg    . . .      Spirit   .    N - +0 ring mail of the Guilds {rF+ Dex-4 Slay+3}
rPois   .          Reflect  .    (helmet restricted)
rElec   .          Harm     .    f - scarf "Mantic Seer" {rC+ rF+, Evo, Bglg} (curse)
rCorr   .          Rampage  .    (no gloves)
Will    .....                    Q - +0 pair of boots
Stlth   +.........               e - amulet of regeneration
HPRegen 1.04/turn                m - +4 ring of slaying
MPRegen 0.18/turn                L - ring of wizardry

@: no status effects
A: antennae 2, foul stench 1, sturdy frame 2, demonic magic 1
a: Renounce Religion, Curse Item, Shatter the Chains


You were on level 1 of the Lair of Beasts.
You worshipped Ashenzari.
Ashenzari was noncommittal.
You visited 3 branches of the dungeon, and saw 14 of its levels.
You also visited: Sewer.

You collected 737 gold pieces.
You spent 672 gold pieces at shops.

Inventory:

Hand Weapons
 a - the +6 sling "Arbiter" {flame, rElec Will+ Str+2}
   (You found it in a sewer)

   Any ammunition fired from it burns those it strikes, dealing additional fire
   damage.
   Str:       It affects your strength (+2).
   rElec:     It insulates you from electricity.
   Will:      It increases your willpower.
 b - a +5 vorpal dire flail (weapon)
Armour
 f - the cursed scarf "Mantic Seer" (worn) {rC+ rF+, Evo, Bglg}
   (You found it on level 7 of the Dungeon)

   It has a curse which improves the following skills: Evocations: Evocations.
   Beguiling: Conjurations, Hexes and Translocations.
 r - a +0 ring mail
 B - a scarf of shadows
 K - an orb of mayhem
 N - the +0 ring mail of the Guilds (worn) {rF+ Dex-4 Slay+3}
   (You bought it in a shop on level 10 of the Dungeon)

   Dex:       It affects your dexterity (-4).
   Slay:      It affects your accuracy & damage with ranged weapons and melee
   (+3).
   rF:        It protects you from fire.
 Q - a +0 pair of boots (worn)
Magical Staves
 p - a staff of air
 R - a staff of fire
Jewellery
 c - a ring of poison resistance
 e - an amulet of regeneration (around neck)
 m - a +4 ring of slaying (left hand)
 x - a ring of see invisible
 L - a ring of wizardry (right hand)
 M - a +6 ring of dexterity
Wands
 s - a wand of paralysis (8)
 E - a wand of mindburst (20)
 H - a wand of roots (4)
Scrolls
 i - 2 scrolls of identify {@r1}
 o - a scroll of brand weapon
 u - 2 scrolls of silence
 v - a scroll of enchant armour
 w - a scroll of butterflies
 y - a scroll of torment
 z - 5 scrolls of teleportation {@r3}
 C - a scroll of magic mapping
 D - 3 scrolls of amnesia
 I - a scroll of immolation
 P - a scroll of fear
 S - a scroll of blinking {@r4}
Potions
 d - 2 potions of flight
 h - 3 potions of heal wounds {@q2}
 k - 2 potions of ambrosia
 n - 2 potions of mutation
 q - 6 potions of curing {@q1}
 t - a potion of berserk rage
 A - a potion of attraction
 F - 2 potions of cancellation
 J - a potion of lignification
Miscellaneous
 G - a phantom mirror


   Skills:
 + Level 8.4 Fighting
 - Level 7.9 Maces & Flails
 + Level 2.7 Armour
 + Level 7.7 Dodging
 - Level 7.5 Spellcasting
 + Level 4.6(5.0) Conjurations
 + Level 4.2 Fire Magic
 - Level 4.4 Air Magic
 - Level 3.0 Poison Magic


You had 4 spell levels left.
You knew the following spells:

 Your Spells              Type           Power      Damage    Failure   Level
a - Kiss of Death         Conj/Necr      60%        2d10      1%          1
b - Momentum Strike       Conj/Tloc      32%        3d8       2%          2
c - Mephitic Cloud        Conj/Pois/Air  21%        N/A       2%          3
d - Swiftness             Air            22%        N/A       2%          3
e - Kindle Blastsparks    Fire/Tloc/Air  34%        2d12      4%          3
f - Iskenderun's Mystic   Conj/Tloc      16%        2d5       16%         4
g - Fireball              Conj/Fire      11%        3d7       19%         5

Your spell library contained the following spells:

 Spells                   Type           Power      Damage    Failure   Level
 Beastly Appendage        Tmut           12%        N/A       4%          1
 Sandblast                Erth           12%        2d6       4%          1
 Summon Small Mammal      Summ           24%        N/A       4%          1
 Dazzling Flash           Conj/Hex       32%        N/A       4%          3
 Hailstorm                Conj/Ice       15%        3d5       4%          3
 Stone Arrow              Conj/Erth      30%        3d8       4%          3
 Ignite Poison            Fire/Tmut/Pois 15%        N/A       5%          3
 Ensorcelled Hibernation  Hex/Ice        12%        N/A       7%          2
 Passwall                 Tmut/Erth      5%         N/A       7%          2
 Wereblood                Tmut           6%         N/A       7%          2
 Spider Form              Tmut/Pois      12%        N/A       8%          3
 Gell's Gravitas          Tloc           6%         N/A       13%         3
 Lesser Beckoning         Tloc           6%         N/A       13%         3
 Teleport Other           Tloc           6%         N/A       13%         3
 Call Canine Familiar     Summ           6%         N/A       14%         3
 Summon Guardian Golem    Hex/Summ       6%         N/A       14%         3
 Ice Form                 Ice/Tmut       6%         N/A       41%         4
 Iskenderun's Battlesphe  Conj           25%        2d8       16%         5
 Freezing Cloud           Conj/Ice/Air   9%         6-21      32%         5
 Conjure Ball Lightning   Conj/Air       11%        3x3d6     65%         6
 Starburst                Conj/Fire      11%        6d5       67%         6
 Simulacrum               Ice/Necr       3%         N/A       99%         6
 Orb of Destruction       Conj           12%        9d7       99%         7
 Polar Vortex             Ice            3%         N/A       100%        9


Dungeon Overview and Level Annotations

Branches:
Dungeon (12/15)            Temple (1/1) D:7            Lair (1/5) D:10
  Sewer (visited)
    Orc: D:9-12

Altars:
Ashenzari
Cheibriados
Dithmenos
Fedhas
Gozag
Hepliaklqana
Kikubaaqudgha
Makhleb
Nemelex Xobeh
Okawaru
Qazlal
Ru
Sif Muna
Trog
Uskayaw
Vehumet
Wu Jian
Xom
Yredelemnul

Shops:
D:8 ?   D:10 *?

Annotations:
D:11 6 transporters


Innate Abilities, Weirdness & Mutations

You have a pair of antennae on your head.
You may rarely emit foul miasma when damaged in melee.
Your movements are less encumbered by armour. (ER -4)
Spells you cast may paralyse adjacent enemies.


Message History

The wolf is engulfed in calcifying dust. x2
The catoblepas gores you!
You take 14 damage, and have 29/87 hp.
You hit the catoblepas but do no damage.
The catoblepas is severely wounded.
The wolf is engulfed in calcifying dust.
You hit the catoblepas.
The catoblepas is almost dead.
The wolf is engulfed in calcifying dust.
The catoblepas gores you!
* * * LOW HITPOINT WARNING * * *
The wolf is engulfed in calcifying dust.
You take 12 damage, and have 18/87 hp.
You feel much better.
The catoblepas breathes a plume of calcifying dust at you.
The blast of calcifying dust hits you!
You regained 22 hp, and now have 40/87 hp.
Unknown command.
Unknown command.
The blink frog blinks!
The catoblepas breathes a plume of calcifying dust at you.
The blast of calcifying dust hits you!
You take 7 damage, and have 33/87 hp.
Unknown command.
Unknown command.
A bullfrog comes into view.
Unknown command.
Unknown command.
Okay, then.
Magic courses through your body. The blink frog hits you!
* * * LOW HITPOINT WARNING * * *
You take 13 damage, and have 21/87 hp.
MP restored: 22 You thump the blink frog!
The blink frog is almost dead.
The catoblepas stomps with a crash on the ground.
The catoblepas gores you!!
* * * LOW HITPOINT WARNING * * *
The blink frog hits you.
You die...

#[...... ....(.. ........
....... #....§. ..§....
#...§# .. #...)...# #..§.#
... ........# #.§.§##..##
#.......###§§§.#.#..##.
........hh§Y@...........
........h...F............
.........>...............§
..........................
........F.<÷............F.
.........................Y
..........................
..........................
..........................


You could see a catoblepas, a blink frog, a wolf (petrified) and a bullfrog.

Vanquished Creatures
  3 two-headed ogres
  A centaur warrior (D:10)
  Joseph (D:10)
  A cane toad (D:10)
  Psyche (D:10)
  A komodo dragon (D:11)
  2 trolls
  2 blink frogs
  Grinder (D:6)
  A wraith (D:9)
  7 yaks
  2 wyverns
  2 steam dragons (D:8)
  6 water moccasins (D:10)
  An acid dragon (D:10)
  2 orc warriors
  3 ice beasts
  2 black bears
  A sky beast (D:7)
  2 ogres
  6 centaurs
  2 phantoms
  3 kobold brigands
  A gnoll sergeant (D:9)
  5 bullfrogs
  7 necrophages
  6 scorpions
  10 wights
  3 howler monkeys
  A human zombie (D:4)
  5 hounds
  5 jellies
  4 orc priests
  3 gnoll boudas
  An iguana (D:6)
  Terence (D:3)
  12 orc wizards
  2 hound zombies (D:4)
  A mummy (D:4)
  26 gnolls
  9 adders
  2 shadow imps
  2 white imps (D:6)
  2 ufetubi
  An adder zombie (D:4)
  2 worms
  2 dart slugs
  30 orcs
  10 ball pythons
  2 bat zombies (D:9)
  6 endoplasms
  9 giant cockroaches
  7 goblins
  6 hobgoblins
  7 quokkas
  2 training dummies (D:6)
  4 bats
  12 frilled lizards
  14 kobolds
  10 rats
  A rat zombie (D:9)
286 creatures vanquished.

Vanquished Creatures (others)
  5 dream sheep (D:5)
  3 wights (D:7)
  A goblin (D:2)
  2 quokkas (Sewer)
  24 fungi (D:10)
  33 plants
68 creatures vanquished.

Grand Total: 354 creatures vanquished

Notes
Turn   | Place    | Note
-------+----------+-------------------------------------------
     0 | D:1      | Ofeo the Demonspawn Reaver began the quest for the Orb.
     0 | D:1      | Reached XP level 1. HP: 16/16 MP: 3/3
   548 | D:1      | Gained mutation: You have a pair of small antennae on your
                  | head. [demonic ancestry]
   548 | D:1      | Reached XP level 2. HP: 20/22 MP: 5/5
  1819 | D:2      | Learned a level 2 spell: Momentum Strike
  1914 | D:2      | Found a faded altar of an unknown god.
  2067 | D:2      | Gained mutation: You may rarely emit foul miasma when
                  | damaged in melee. [demonic ancestry]
  2067 | D:2      | Reached XP level 3. HP: 18/26 MP: 6/6
  2581 | D:3      | Found an opulent altar of Gozag.
  2657 | D:3      | Found a glowing drain.
  2675 | Sewer    | Entered a sewer
  2712 | Sewer    | Learned a level 3 spell: Mephitic Cloud
  2797 | Sewer    | Reached XP level 4. HP: 30/34 MP: 7/7
  2926 | Sewer    | Noticed a bullfrog
  2940 | Sewer    | Killed a bullfrog
  2941 | Sewer    | Reached skill level 3 in Fighting
  2941 | Sewer    | Gained mutation: Spells you cast may paralyse adjacent
                  | enemies. [demonic ancestry]
  2941 | Sewer    | Reached XP level 5. HP: 41/41 MP: 7/9
  2995 | Sewer    | Identified the +6 sling "Arbiter" {flame, rElec Will+
                  | Str+2}
  3156 | D:3      | Noticed Terence
  3165 | D:3      | Killed Terence
  3544 | D:4      | Found a bloodstained altar of Trog.
  3611 | D:4      | Reached XP level 6. HP: 47/47 MP: 10/10
  3955 | D:4      | Reached skill level 1 in Air Magic
  3955 | D:4      | Gained mutation: You have a pair of antennae on your head.
                  | [demonic ancestry]
  3955 | D:4      | Reached XP level 7. HP: 53/53 MP: 12/12
  4011 | D:4      | Reached skill level 4 in Fighting
  4109 | D:4      | Found a basalt altar of Yredelemnul.
  4275 | D:4      | Gained mutation: Your movements are slightly less
                  | encumbered by armour. (ER -2) [demonic ancestry]
  4275 | D:4      | Reached XP level 8. HP: 34/59 MP: 14/14
  4634 | D:4      | Found a sparkling altar of Nemelex Xobeh.
  4788 | D:5      | Entered Level 5 of the Dungeon
  5446 | D:5      | Reached skill level 5 in Fighting
  5446 | D:5      | Reached skill level 5 in Maces & Flails
  5707 | D:5      | Reached skill level 1 in Poison Magic
  5817 | D:5      | Found a radiant altar of Vehumet.
  5825 | D:5      | Found a blossoming altar of Fedhas.
  5827 | D:5      | Found a snail-covered altar of Cheibriados.
  5829 | D:5      | Found a sacrificial altar of Ru.
  5891 | D:5      | Noticed a dream sheep
  5891 | D:5      | Noticed a dream sheep
  5891 | D:5      | Noticed a dream sheep
  5891 | D:5      | Noticed a dream sheep
  5891 | D:5      | Noticed a dream sheep
  5891 | D:5      | Found a shimmering altar of Xom.
  5895 | D:5      | Killed a dream sheep
  5895 | D:5      | Killed a dream sheep
  5895 | D:5      | Killed a dream sheep
  5895 | D:5      | Killed a dream sheep
  5897 | D:5      | Killed a dream sheep
  6343 | D:6      | Reached skill level 5 in Dodging
  6343 | D:6      | Reached skill level 5 in Spellcasting
  6591 | D:5      | Learned a level 3 spell: Swiftness
  6796 | D:6      | Reached XP level 9. HP: 68/68 MP: 16/16
  7322 | D:6      | Noticed Grinder
  7330 | D:6      | Killed Grinder
  7993 | D:7      | Reached skill level 6 in Fighting
  8235 | D:7      | Found a shimmering blue altar of Sif Muna.
  8235 | D:7      | Found a shadowy altar of Dithmenos.
  8235 | D:7      | Found an ornate altar of the Wu Jian Council.
  8239 | D:7      | Found a broken altar of Ashenzari.
  8352 | D:5      | Identified a scroll of acquirement
  8352 | D:5      | Acquired a book of the Spheres
  8598 | D:7      | Learned a level 3 spell: Kindle Blastsparks
  9025 | D:7      | Reached skill level 1 in Fire Magic
  9029 | D:7      | Found a staircase to the Ecumenical Temple.
  9048 | Temple   | Entered the Ecumenical Temple
  9795 | D:7      | Became a worshipper of Ashenzari the Shackled
  9881 | D:8      | Found Amecoisu's Magic Scroll Shoppe.
  9947 | D:8      | Bought a scroll of enchant weapon for 82 gold pieces
  9947 | D:8      | Bought a scroll of enchant weapon for 82 gold pieces
 10115 | D:8      | Reached XP level 10. HP: 64/76 MP: 19/19
 11013 | D:9      | Noticed a two-headed ogre
 11061 | D:9      | Reached skill level 7 in Fighting
 11081 | D:9      | Killed a two-headed ogre
 11633 | D:9      | Found an ancient bone altar of Kikubaaqudgha.
 12062 | D:10     | Entered Level 10 of the Dungeon
 12062 | D:10     | Noticed a centaur warrior
 12073 | D:10     | Killed a centaur warrior
 12140 | D:10     | Found Agoxtemo's Magic Scroll Shoppe.
 12432 | D:10     | Gained mutation: Your movements are less encumbered by
                  | armour. (ER -4) [demonic ancestry]
 12432 | D:10     | Reached XP level 11. HP: 77/85 MP: 21/21
 12491 | D:10     | Found a staircase to the Lair.
 12628 | D:10     | Reached skill level 1 in Armour
 12634 | D:10     | Learned a level 4 spell: Iskenderun's Mystic Blast
 12700 | D:10     | Noticed Joseph
 13001 | D:10     | Killed Joseph
 13179 | D:10     | Found Gokkoumooce's Assorted Antiques.
 13182 | D:10     | Bought a heavily runed ring mail for 225 gold pieces
 13182 | D:10     | Identified the +0 ring mail of the Guilds {rF+ Dex-4
                  | Slay+3} (You bought it in a shop on level 10 of the
                  | Dungeon)
 13289 | D:10     | Noticed Psyche
 13307 | D:10     | Killed Psyche
 13308 | D:10     | Reached skill level 8 in Fighting
 13706 | D:11     | Found a transporter.
 13714 | D:11     | Found a transporter.
 13719 | D:11     | Noticed a two-headed ogre
 13736 | D:11     | Killed a two-headed ogre
 13977 | D:11     | Noticed a two-headed ogre
 13987 | D:11     | Killed a two-headed ogre
 14196 | D:11     | Found a transporter.
 14202 | D:11     | Found a transporter.
 14321 | D:11     | Found a transporter.
 14326 | D:11     | Found a transporter.
 14461 | D:10     | Bought a scroll of blinking for 112 gold pieces
 14461 | D:10     | Bought a scroll of identify for 30 gold pieces
 14461 | D:10     | Bought a scroll of identify for 30 gold pieces
 14461 | D:10     | Bought a scroll of teleportation for 45 gold pieces
 14572 | D:8      | Bought 3 scrolls of identify for 66 gold pieces
 14647 | D:12     | Noticed a boulder beetle
 14690 | Lair:1   | Entered Level 1 of the Lair of Beasts
 14703 | Lair:1   | Learned a level 5 spell: Fireball
 14711 | Lair:1   | Noticed a catoblepas
 15292 | Lair:1   | HP: 1/87 [catoblepas (21)]
 15292 | Lair:1   | Slain by a blink frog

Illustrated notes

Levels and vault maps discovered:
D:1:      dpeg_arrival_refuge, layout_basic
D:2:      cheibrodos_old_hovel, layout_basic, hellmonk_ecumenical_altar_run_dry
D:3:      layout_loops_ring, lemuel_round_altar, cheibrodos_sewer_entry_drain,
          uniq_terence
D:4:      layout_basic, amcnicky_altar_gilded, nemelex_altar_shiori,
          lemuel_mausoleum_altar_yredelemnul
D:5:      layout_gridville, chequers_temple_overflow_minitemple,
          kb_xom_exploding_sheep
D:6:      dreamdust_elfheim, layout_cave_pods, uniq_grinder
D:7:      layout_loops_ring, chequers_temple_overflow_statue_of_worship,
          minmay_temple_entry_drinking_statues
D:8:      layout_loops_ring, elyvilon_altar_3, amcnicky_mini_pool_small,
          nicolae_stop_n_shop_1
D:9:      layout_gridville, lemuel_zombie_altar_kikubaaqudgha,
          solitary_fountain, grunt_ministairs_10
D:10:     layout_roguey, due_lair_maze_entry_diamond, serial_shops,
          kennysheep_mini_moat, nicolae_take_the_stairs, uniq_joseph,
          uniq_psyche
D:11:     layout_roguey, serial_nicolae_subway, nicolae_sub_station_crystal,
          nicolae_sub_station_stone, nicolae_sub_station_metal
D:12:     minmay_the_grid_square_5x5_5x5 [minmay_the_grid_square_5x5_longway,
          minmay_the_grid_square_5x5_tie, minmay_the_grid_square_5x5_shrine1,
          minmay_the_grid_square_5x5_moneybag,
          minmay_the_grid_square_5x5_inner_z, minmay_the_grid_square_5x5_three,
          minmay_the_grid_square_5x5_prize_waves,
          minmay_the_grid_square_5x5_one_wall,
          minmay_the_grid_square_5x5_prize_monsterx,
          minmay_the_grid_square_5x5_checkered,
          minmay_the_grid_square_5x5_three_walls,
          minmay_the_grid_square_5x5_bite,
          minmay_the_grid_square_5x5_prize_pseudospiral,
          minmay_the_grid_square_5x5_two_walls_a,
          minmay_the_grid_square_5x5_meh, minmay_the_grid_square_5x5_fat_x,
          minmay_the_grid_square_5x5_prize_snowflake,
          minmay_the_grid_square_5x5_hourglass,
          minmay_the_grid_square_5x5_prize_itemx,
          minmay_the_grid_square_5x5_trominoes, minmay_the_grid_square_5x5_six,
          minmay_the_grid_square_5x5_misaligned,
          minmay_the_grid_square_5x5_eight_small,
          minmay_the_grid_square_5x5_eight, minmay_the_grid_square_5x5_detours],
          layout_cave_pools, orc_0_dummy
Temple:   hellmonk_temple_flake
Lair:1:   layout_gridlike, minmay_shattered_shrine, serial_bayou_shore_b

Skill      XL: |  1  2  3  4  5  6  7  8  9 10 11 |
---------------+----------------------------------+-----
Dodging        | 2 3 4 5 7 |  7.7
Maces & Flails | 3 4 5 6 7 |  7.9
Fighting       | 3 4 5 6 7 8 |  8.4
Spellcasting   | 3 4 5 6 7 |  7.5
Conjurations   | 4 |  4.6
Air Magic      | 1 2 3 4 |  4.4
Poison Magic   | 1 3 |  3.0
Fire Magic     | 1 3 4 |  4.2
Armour         | 2 |  2.7

Action                   |  1- 3 |  4- 6 |  7- 9 | 10-12 || total
-------------------------+-------+-------+-------+-------++-------
Melee: Mace              |    37 |       |       |       ||    37
       Dagger            |    49 |       |       |       ||    49
       Punch             |     1 |     1 |       |       ||     2
       Spear             |    30 |    45 |       |       ||    75
       Dire flail        |       |     1 |   353 |   238 ||   592
 Fire: Sling             |       |    54 |    30 |     7 ||    91
 Cast: Kiss of Death     |     2 |       |       |     1 ||     3
       Momentum Strike   |     3 |     1 |     6 |     3 ||    13
       Mephitic Cloud    |       |       |     6 |    17 ||    23
       Kindle Blastspark |       |       |     4 |    16 ||    20
       Swiftness         |       |       |     2 |       ||     2
       Fireball          |       |       |       |     3 ||     3
       Iskenderun's Myst |       |       |       |     2 ||     2
Invok: Curse Item        |       |       |       |     1 ||     1
Evoke: Wand              |       |       |       |     4 ||     4
  Use: Potion            |       |     3 |     2 |     6 ||    11
       Scroll            |       |     4 |    15 |    10 ||    29
 Stab: Confused          |       |       |     2 |     8 ||    10
       Paralysed         |       |       |     1 |     3 ||     4
Armor: Leather armour    |    28 |     6 |     5 |       ||    39
       Skin              |       |    35 |       |       ||    35
       Ring mail         |       |       |    81 |    54 ||   135
Dodge: Dodged            |    54 |    36 |   224 |   175 ||   489

Table legend: (Time is in decaauts)
 A = Elapsed time spent in this place.
 B = Non-inter-level travel time spent in this place.
 C = Inter-level travel time spent in this place.
 D = Time resting spent in this place.
 E = Time spent auto-exploring this place.
 F = Levels seen in this place.
 G = Mean time per level.
                   A        B        C        D        E       F      G
               +--------+--------+--------+--------+--------+-----+--------+
         Total |  15401 |  14512 |    889 |   3219 |   8200 |  15 | 1026.7 |
       Dungeon |  14716 |  13829 |    887 |   3203 |   7938 |  12 | 1226.3 |
        Temple |    221 |    220 |      1 |      0 |    195 |   1 |  221.0 |
          Lair |     75 |     75 |      0 |      0 |      0 |   1 |   75.0 |
         Sewer |    387 |    387 |      0 |     16 |     67 |   1 |  387.0 |
               +--------+--------+--------+--------+--------+-----+--------+

Top non-repeatable levels by time:
    D:10: 1940 daAuts
     D:6: 1820 daAuts
     D:5: 1733 daAuts
     D:1: 1591 daAuts
     D:9: 1580 daAuts
     D:7: 1267 daAuts
     D:4: 1263 daAuts
     D:8: 1018 daAuts
     D:2: 924 daAuts
    D:11: 858 daAuts
     D:3: 714 daAuts
   Sewer: 387 daAuts
  Temple: 221 daAuts
  Lair:1: 75 daAuts
    D:12: 4 daAuts
